 Dungeon Crawl Stone Soup version 0.28-a0-401-ge240ad9e29 (webtiles) character file.

Game seed: 2395672246867964528

5 ytrimaz the Insei (level 1, 0/16 HPs)
             Began as a Demigod Transmuter on Sept 4, 2021.
             Slain by a jackal (1 damage)
             ... on level 1 of the Dungeon.
             The game lasted 00:00:43 (317 turns).

ytrimaz the Insei (Demigod Transmuter)               Turns: 317, Time: 00:00:43

Health: 0/16       AC:  2    Str: 11    XL:     1   Next: 53%
Magic:  4/5        EV: 12    Int: 15    God:
Gold:   0          SH:  0    Dex: 14    Spells: 3/4 levels left

rFire   . . .      SeeInvis .     - Unarmed
rCold   . . .      Faith    .   (no shield)
rNeg    . . .      Spirit   .   a - +0 robe
rPois   .          Reflect  .   (no helmet)
rElec   .          Harm     .   (no cloak)
rCorr   .          Rampage  .   (no gloves)
Will    .....                   (no boots)
Stlth   +.........              (no amulet)
HPRegen 0.05/turn               (no ring)
MPRegen 0.09/turn               (no ring)

@: very slightly contaminated
A: high mp 1, forlorn
a: no special abilities


You were on level 1 of the Dungeon.
You visited 1 branch of the dungeon, and saw 1 of its levels.

Inventory:

Armour
 a - a +0 robe (worn)


   Skills:
 * Level 1.1 Fighting
 - Level 1.7 Dodging
 - Level 2.6 Unarmed Combat
 * Level 2.0 Spellcasting
 - Level 1.7 Transmutations


You had 3 spell levels left.
You knew the following spells:

 Your Spells              Type           Power      Damage    Failure   Level
a - Beastly Appendage     Tmut           12%        N/A       11%         1

Your spell library contained the following spells:

 Spells                   Type           Power      Damage    Failure   Level
 Wereblood                Tmut           6%         N/A       16%         2
 Spider Form              Tmut/Pois      2%         N/A       43%         3
 Ice Form                 Ice/Tmut       4%         N/A       83%         4
 Conjure Ball Lightning   Conj/Air       0%         3x3d6     100%        6
 Discord                  Hex            0%         N/A       100%        8
 Disjunction              Tloc           0%         N/A       100%        8


Dungeon Overview and Level Annotations

Branches:
Dungeon (1/15)


Innate Abilities, Weirdness & Mutations

Your attributes grow dramatically as you level up.
You have an increased reservoir of magic. (+10% MP)
You shall have no god before yourself.


Message History

You see here a quokka corpse.
The jackal bites you. The jackal misses you.
The jackal bites you but does no damage.
You hit the jackal. Your headbutt misses the jackal.
The jackal is lightly wounded.
The jackal closely misses you. The jackal bites you.
The jackal closely misses you.
You miss the jackal.
The jackal is lightly wounded.
The jackal bites you but does no damage.
The jackal barely misses you. x2
You closely miss the jackal. Your kick misses the jackal.
The jackal is lightly wounded.
Your horns disappear.
Your talons disappear.
The jackal barely misses you. x2
You hit the jackal.
The jackal is heavily wounded.
The jackal bites you. x2
The jackal bites you.
The jackal bites you but does no damage.
The jackal bites you.
You see here a quokka corpse.
Casting: Beastly Appendage (safe; 11% risk of failure)
Confirm with . or Enter, or press ? or * to list all spells.
You miscast Beastly Appendage.
You are very lightly contaminated with residual magic.
Nothing appears to happen.
The jackal barely misses you.
You barely miss the jackal.
The jackal is heavily wounded.
The jackal bites you.
* * * LOW HITPOINT WARNING * * *
The jackal bites you.
* * * LOW HITPOINT WARNING * * *
You barely miss the jackal.
The jackal is heavily wounded.
The jackal bites you but does no damage.
You closely miss the jackal.
The jackal is heavily wounded.
The jackal bites you.
You die...

..≈. .#♣. #≈♣ .. #######
#≈. #. #.....# #≈. #.
#.###.####### #≈≈ .# ##.#
#.#.........######
...#...###.#.#..†.......#.#
........##@#.#######.##....
........##h#.# #.........#
....$...h#h#.# #.##.######
...#.......#†####.##.#
............†..##.##.#
.#.##..........##.##.# ..
##............##.# .
#####.....#####.# #.......
..#


You could see 2 jackals.

Vanquished Creatures
  A jackal (D:1)
  2 quokkas (D:1)
  A ball python (D:1)
  A rat (D:1)
5 creatures vanquished.

Vanquished Creatures (others)
  5 toadstools (D:1)
5 creatures vanquished.

Grand Total: 10 creatures vanquished

Notes
Turn   | Place    | Note
-------+----------+-------------------------------------------
     0 | D:1      | ytrimaz the Demigod Transmuter began the quest for the Orb.
     0 | D:1      | Reached XP level 1. HP: 15/15 MP: 5/5
    42 | D:1      | Reached skill level 1 in Fighting
   317 | D:1      | Slain by a jackal

Illustrated notes

Levels and vault maps discovered:
D:1:      ldierk_walled_garden, layout_loops_ring,
          chequers_serial_rivers_micro_b, chequers_jeans, minmay_door_square

Skill      XL: |  1 |
---------------+----+-----
Fighting       | 1 |  1.1
Spellcasting   | 2 |  2.0
Dodging        | |  1.7
Unarmed Combat | |  2.6
Transmutations | |  1.7

Action                   || total
-------------------------++-------
Melee: Unarmed           ||    26
       Headbutt          ||     5
       Kick              ||     2
 Cast: Beastly Appendage ||     3
  Use: Scroll            ||     1
 Stab: Sleeping          ||     1
Armor: Robe              ||    11
Dodge: Dodged            ||    18

Table legend: (Time is in decaauts)
 A = Elapsed time spent in this place.
 B = Non-inter-level travel time spent in this place.
 C = Inter-level travel time spent in this place.
 D = Time resting spent in this place.
 E = Time spent auto-exploring this place.
 F = Levels seen in this place.
 G = Mean time per level.
                   A        B        C        D        E       F      G
               +--------+--------+--------+--------+--------+-----+--------+
         Total |    315 |    315 |      0 |    153 |     89 |   1 |  315.0 |
       Dungeon |    315 |    315 |      0 |    153 |     89 |   1 |  315.0 |
               +--------+--------+--------+--------+--------+-----+--------+

Top non-repeatable levels by time:
     D:1: 315 daAuts
